 Dungeon Crawl Stone Soup version 0.25-a0-647-gd602d06ee1 (webtiles) character file.

Game seed: 739556645209820621, levelgen mode: deterministic

25 tevior the Firebug (level 2, -9/20 HPs)
             Began as a Draconian Fire Elementalist on Mar 21, 2020.
             Killed from afar by Terence (10 damage)
             ... with a puff of flame
             ... on level 3 of the Dungeon.
             The game lasted 00:05:53 (1236 turns).

tevior the Firebug (Draconian Fire Elementalist)    Turns: 1236, Time: 00:05:54

Health: -9/20      AC:  4    Str: 10    XL:     2   Next: 86%
Magic:  5/5        EV: 12    Int: 15    God:
Gold:   44         SH:  0    Dex: 11    Spells: 4/5 levels left

rFire    . . .     SeeInvis .   d - +0 short sword
rCold    . . .     Gourm    .   (no shield)
rNeg     . . .     Faith    .   (armour unavailable)
rPois    .         Spirit   .   (helmet restricted)
rElec    .         Reflect  .   (no cloak)
rCorr    .         Harm     .   (no gloves)
MR       .....                  (no boots)
Stlth    ++........             (no amulet)
HPRegen  0.06/turn              (no ring)
MPRegen  0.09/turn              (no ring)

@: no status effects
A: unfitting armour, cold-blooded, AC +4
a: no special abilities


You were on level 3 of the Dungeon.
You were not hungry.

You visited 1 branch of the dungeon, and saw 3 of its levels.

You collected 44 gold pieces.

Inventory:

Hand Weapons
 d - a +0 short sword (weapon)
Missiles
 c - 3 stones (quivered)
 e - 30 arrows
 h - 5 boomerangs
Scrolls
 a - a scroll of amnesia
 j - 2 scrolls of teleportation {unknown}
Potions
 g - a potion of heal wounds
 i - a potion of curing {unknown}
Comestibles
 b - a ration
 f - 4 chunks of flesh


   Skills:
 - Level 1.7 Dodging
 - Level 1.7 Stealth
 - Level 2.0 Spellcasting
 - Level 1.0 Conjurations
 + Level 4.1 Fire Magic


You had 4 spell levels left.
You knew the following spells:

 Your Spells              Type           Power        Failure   Level  Hunger
a - Foxfire               Conj/Fire      #...         8%          1    #......

Your spell library contained the following spells:

 Spells                   Type           Power        Failure   Level  Hunger
 Conjure Flame            Conj/Fire      #.......     22%         3    ###....
 Inner Flame              Hex/Fire       #.......     28%         3    ###....
 Sticky Flame             Conj/Fire      #.......     58%         4    #####..
 Fireball                 Conj/Fire      #.........   91%         5    ######.


Dungeon Overview and Level Annotations

Branches:
Dungeon (3/15)

Altars:

Annotations:
D:3 Terence


Innate Abilities, Weirdness & Mutations

Your plain brown scales are hard. (AC +4)
You cannot fit into any form of body armour.
You are cold-blooded and may be slowed by cold attacks.


Message History

Your foxfire dissipates!
Your foxfire dissipates!
Things that are here:
a +0 club; a hobgoblin skeleton Magic restored.
Found a stone staircase leading down.
There is a stone staircase leading down here.
You climb downwards.
Level annotation: Terence
There is a stone staircase leading up here.
Terence is nearby!
Terence shouts!
Terence zaps a wand.
The puff of flame hits you!
Ouch! That really hurt!
Terence zaps a wand.
The puff of flame hits you!
* * * LOW HITPOINT WARNING * * *
Terence screams, "I'm going to kill you!"
Terence zaps a wand.
The puff of flame hits you!
Ouch! That really hurt!
You die...

##.## #.#
#.# #.#
#.####.###
#.. .....
#. ... #.#
#@# #.#
#@# #<#
........#
#########


You could see Terence.

Vanquished Creatures
  A worm (D:2)
  A dart slug (D:1)
  3 bats
  A giant cockroach (D:2)
  3 goblins (D:1)
  3 hobgoblins
  4 kobolds (D:1)
  A frilled lizard (D:2)
  A rat (D:2)
18 creatures vanquished.

Vanquished Creatures (others)
  A foxfire (D:2)
1 creature vanquished.

Grand Total: 19 creatures vanquished

Notes
Turn   | Place    | Note
-------+----------+-------------------------------------------
     0 | D:1      | tevior the Draconian Fire Elementalist began the quest for
                  | the Orb.
     0 | D:1      | Reached XP level 1. HP: 14/14 MP: 3/3
   173 | D:1      | Reached XP level 2. HP: 5/20 MP: 5/5
   870 | D:3      | Noticed Terence
   916 | D:2      | Reached skill level 4 in Fire Magic
  1234 | D:3      | HP: 1/20 [Terence/puff of flame (9)]
  1236 | D:3      | Killed from afar by Terence

Levels and vault maps discovered:
D:1:      dpeg_arrival_tiny_f, layout_basic, minmay_parallelograms
D:2:      layout_basic
D:3:      layout_loops_ring, led_xom_imps, first_ration,
          nicolae_ru_the_path_less_chosen, uniq_terence

Skill      XL: |  1  2 |
---------------+-------+-----
Fire Magic     | 4 |  4.1
Dodging        | |  1.7
Stealth        | |  1.7
Spellcasting   | |  2.0
Conjurations   | |  1.0

Action                   || total
-------------------------++-------
Melee: Unarmed           ||    60
       Tailslap          ||    12
       Short sword       ||    42
 Cast: Foxfire           ||     1
  Use: Scroll            ||     2
 Stab: Sleeping          ||     2
  Eat: Chunk             ||     1
Armor: Skin              ||    43
Dodge: Dodged            ||    56

Table legend:
 A = Non-vault XP
 B = Vault XP
 C = Vault XP percentage of total XP
 D = Non-vault monster count
 E = Vault monster count
 F = Vault count percentage of total count
                 A         B        C        D         E       F
            +---------+---------+-------+---------+---------+-------
      Total |      37 |       0 |   0.0 |      18 |       0 |   0.0
            +---------+---------+-------+---------+---------+-------
        D:1 |      21 |       0 |   0.0 |      10 |       0 |   0.0
        D:2 |      16 |       0 |   0.0 |       8 |       0 |   0.0
            +---------+---------+-------+---------+---------+-------
